[Event "Malmo Open 2022"]
[Site "Malmo SWE"]
[Date "2022.12.16"]
[Round "3.4"]
[White "Storme, Isak"]
[Black "Ollen, Martin"]
[Result "1-0"]
[WhiteElo "2433"]
[BlackElo "2142"]
[ECO "A45"]
[TimeControl "15 minutes + 5 seconds per move from move one (Round 1 - 4) / 90 minutes + 30 seconds per move from move one (Round 5 - 8)"]
[WhiteTitle "IM"]
[WhiteFideId "1728113"]
[BlackFideId "1718983"]

1.d4 Nf6 2.Bf4 g6 3.Nc3 d5 4.Nb5 Na6 5.Nf3 Bg7 6.e3 c6 7.Nc3 Nc7 8.h3 O-O 
9.Bd3 Ne6 10.Be5 c5 11.O-O a6 12.dxc5 Nxc5 13.Be2 Nce4 14.Nxe4 Nxe4 15.
Bxg7 Kxg7 16.Qd4+ Nf6 17.Rfd1 Bf5 18.g4 Bxc2 19.Rdc1 Be4 20.g5 Qd7 21.
gxf6+ exf6 22.Nd2 Rfe8 23.Bg4 Qd6 24.Nc4 Qe7 25.Nb6 Rad8 26.f3 h5 27.fxe4 
hxg4 28.Nxd5 Qxe4 29.Qxf6+ Kg8 30.Qxd8 1-0

[Event "Malmo Open 2022"]
[Site "Malmo SWE"]
[Date "2022.12.16"]
[Round "3.5"]
[White "Baskin, Robert"]
[Black "Blauhut, Holger"]
[Result "1-0"]
[WhiteElo "2426"]
[BlackElo "2141"]
[ECO "C88"]
[TimeControl "15 minutes + 5 seconds per move from move one (Round 1 - 4) / 90 minutes + 30 seconds per move from move one (Round 5 - 8)"]
[WhiteTitle "IM"]
[BlackTitle "CM"]
[WhiteFideId "24662402"]
[BlackFideId "24665177"]

1.e4 e5 2.Nf3 Nc6 3.Bb5 a6 4.Ba4 Nf6 5.O-O Be7 6.Re1 b5 7.Bb3 O-O 8.h3 Bb7
9.d3 d6 10.Bd2 h6 11.a4 b4 12.a5 Rb8 13.c3 bxc3 14.bxc3 Bc8 15.d4 exd4 16.
cxd4 Nb4 17.Nc3 c5 18.dxc5 dxc5 19.Bf4 Rb7 20.e5 Nd3 21.exf6 Bxf6 22.Bd2 
Nxe1 23.Bxe1 Qxd1 24.Bxd1 Re7 25.Rc1 Rfe8 26.Bd2 Bb7 27.Be3 Bxf3 28.Bxf3 
Bd4 29.Nd5 Re5 30.Rd1 Kf8 31.Bxd4 cxd4 32.Rxd4 Re1+ 33.Kh2 Ra1 34.Nc7 Re5 
35.Nxa6 Rexa5 36.Nb8 g6 37.Rd8+ Kg7 38.Nc6 R5a2 39.Rd7 Rxf2 40.Nd8 Raa2 
41.Kg3 h5 42.Nxf7 Kf6 43.Rb7 Rfb2 44.Rd7 Rd2 45.Rc7 Rdc2 46.Nd6 Rxc7 47.
Ne8+ Kg5 48.Nxc7 h4+ 49.Kh2 Kf4 50.Nd5+ Ke5 51.Ne3 Kf4 52.Nd5+ Ke5 53.Kg1 
g5 54.Nc3 Rc2 55.Ne2 Ra2 56.Kf2 Ra3 57.Nc1 Kf5 58.Ke2 Kf4 59.Kf2 Kf5 60.
Be2 Kf4 61.Nd3+ Ke4 62.Ne1 Kf4 63.Nc2 Ra2 64.Nb4 Ra3 65.Nd5+ Ke5 66.Nb4 
Kf4 67.Nc2 Ra2 68.Ne1 g4 69.Nd3+ Kg5 70.hxg4 Rxe2+ 71.Kxe2 Kxg4 72.Kf1 h3 
73.Nf2+ Kg3 74.Nxh3 1-0

[Event "Malmo Open 2022"]
[Site "Malmo SWE"]
[Date "2022.12.16"]
[Round "3.6"]
[White "Nord, Alexander"]
[Black "Brynell, Stellan"]
[Result "0-1"]
[WhiteElo "2137"]
[BlackElo "2388"]
[ECO "C00"]
[TimeControl "15 minutes + 5 seconds per move from move one (Round 1 - 4) / 90 minutes + 30 seconds per move from move one (Round 5 - 8)"]
[WhiteTitle "CM"]
[BlackTitle "GM"]
[WhiteFideId "1738135"]
[BlackFideId "1700219"]

1.e4 e6 2.d3 d5 3.Nd2 Nf6 4.Ngf3 b6 5.g3 dxe4 6.dxe4 Bb7 7.Qe2 Ba6 8.c4 
Nc6 9.e5 Nd7 10.Bg2 Nc5 11.O-O Bb7 12.Rd1 Qd3 13.Qxd3 Nxd3 14.Nb3 O-O-O 
15.Bg5 Be7 16.Bxe7 Nxe7 17.Ng5 Nxe5 18.Bxb7+ Kxb7 19.f4 h6 20.fxe5 hxg5 
21.Rxd8 Rxd8 22.Rf1 Rf8 23.Nd4 Ng6 24.Nf3 g4 25.Ng5 Nxe5 26.Nxe6 Rh8 27.
Nd4 c5 28.Nf5 Nf3+ 29.Kf2 Rxh2+ 30.Ke3 Rxb2 31.Rd1 Ne5 32.Kf4 f6 33.Nxg7 
Rxa2 34.Ne8 Rf2+ 35.Ke4 Nxc4 36.Rd7+ Ka6 37.Rg7 Re2+ 0-1

[Event "Malmo Open 2022"]
[Site "Malmo SWE"]
[Date "2022.12.16"]
[Round "3.7"]
[White "Golubka, Petro"]
[Black "Jogstad, Daniel"]
[Result "1-0"]
[WhiteElo "2378"]
[BlackElo "2128"]
[ECO "B20"]
[TimeControl "15 minutes + 5 seconds per move from move one (Round 1 - 4) / 90 minutes + 30 seconds per move from move one (Round 5 - 8)"]
[WhiteTitle "GM"]
[BlackTitle "CM"]
[WhiteFideId "14114224"]
[BlackFideId "1718959"]

1.e4 c5 2.b3 b6 3.Bb2 Bb7 4.Nc3 d6 5.d4 cxd4 6.Qxd4 Nf6 7.O-O-O Nbd7 8.f4 
e5 9.Qe3 Be7 10.Nge2 O-O 11.g4 exf4 12.Nxf4 Nxg4 13.Qg3 Nde5 14.h4 f5 15.
Bg2 Qd7 16.Ncd5 Rac8 17.Kb1 Bf6 18.Nh5 Bxd5 19.Rxd5 g6 20.Nxf6+ Nxf6 21.
Rd2 Nh5 22.Qxe5 1-0

[Event "Malmo Open 2022"]
[Site "Malmo SWE"]
[Date "2022.12.16"]
[Round "3.8"]
[White "Loftgaard, Mikkel Vinh"]
[Black "Kopylov, Michael"]
[Result "1/2-1/2"]
[WhiteElo "2130"]
[BlackElo "2376"]
[ECO "B02"]
[TimeControl "15 minutes + 5 seconds per move from move one (Round 1 - 4) / 90 minutes + 30 seconds per move from move one (Round 5 - 8)"]
[WhiteTitle "CM"]
[BlackTitle "IM"]
[WhiteFideId "1468480"]
[BlackFideId "14105080"]

1.e4 Nf6 2.Nc3 d5 3.e5 Nfd7 4.Nxd5 Nxe5 5.Ne3 c5 6.Nf3 Nec6 7.Be2 g6 8.c3 
Bg7 9.O-O O-O 10.Re1 b6 11.Nc2 Bf5 12.d3 h6 13.Be3 e5 14.Qd2 Kh7 15.Rad1 
Nd7 16.d4 e4 17.Bb5 Rc8 18.Ne5 Ndxe5 19.dxe5 Nxe5 20.Bf4 Qe7 21.Ne3 Be6 
22.Nd5 Qb7 23.Rxe4 Rfd8 24.c4 Nc6 25.Bxc6 Qxc6 26.Be5 Bxe5 27.Rxe5 Bxd5 
28.Rxd5 Rxd5 29.Qxd5 Qxd5 30.Rxd5 Rc7 31.f3 Kg7 32.Kf2 Kf6 33.Rd8 1/2-1/2

[Event "Malmo Open 2022"]
[Site "Malmo SWE"]
[Date "2022.12.16"]
[Round "3.9"]
[White "Solberg, Joachim"]
[Black "Pastar, Slaven"]
[Result "1/2-1/2"]
[WhiteElo "2124"]
[BlackElo "2365"]
[ECO "A00"]
[TimeControl "15 minutes + 5 seconds per move from move one (Round 1 - 4) / 90 minutes + 30 seconds per move from move one (Round 5 - 8)"]
[WhiteTitle "FM"]
[BlackTitle "FM"]
[WhiteFideId "1502930"]
[BlackFideId "14402718"]

1.Nc3 b6 2.e4 Bb7 3.d4 e6 4.Nf3 Bb4 5.Bd3 Nf6 6.Qe2 d5 7.exd5 Qxd5 8.Bd2 
Qh5 9.Ne4 Bxd2+ 10.Nexd2 Nd5 11.g3 Nb4 12.Be4 Bxe4 13.Qxe4 Qd5 14.Qxd5 
Nxd5 15.O-O-O Nd7 16.Rhe1 O-O-O 17.Nc4 Kb7 18.Nce5 Nxe5 19.Nxe5 Rhf8 20.c3
Nf6 21.f3 Nd7 22.Nxd7 Rxd7 23.f4 Rfd8 24.Kc2 h5 25.Re5 g6 26.b4 Rh8 27.h3 
c6 28.a4 Rc8 29.g4 hxg4 30.hxg4 Rh8 31.f5 exf5 32.gxf5 g5 33.f6 Rh6 34.
Rxg5 Rxf6 35.Rd2 Re7 36.Re5 Ree6 37.Rxe6 Rxe6 38.Rf2 f6 39.Rf5 Kc7 40.Kd3 
Kd6 41.a5 b5 42.d5 cxd5 43.Rh5 a6 44.Rf5 Kc6 45.Kd4 Rd6 46.Rh5 Kd7 47.Rh6 
Ke6 48.Rh5 Rc6 49.Rh7 Rc4+ 50.Kd3 d4 51.cxd4 Rxb4 52.Ra7 f5 53.Rxa6+ Kd5 
54.Rb6 Rxd4+ 55.Kc3 Rc4+ 56.Kb3 Kc5 57.Rf6 Rb4+ 58.Kc3 Rc4+ 59.Kb3 f4 60.
a6 Ra4 61.a7 Kd5 62.Rxf4 Rxa7 63.Rf5+ Kc6 64.Kb4 Ra4+ 65.Kb3 Rh4 66.Rf8 
Rh3+ 67.Kb4 Rh4+ 68.Kb3 Kc5 69.Rc8+ Kb6 70.Ra8 1/2-1/2

[Event "Malmo Open 2022"]
[Site "Malmo SWE"]
[Date "2022.12.16"]
[Round "4.1"]
[White "Galperin, Platon"]
[Black "Skytte, Rasmus"]
[Result "1-0"]
[WhiteElo "2530"]
[BlackElo "2347"]
[ECO "A57"]
[TimeControl "15 minutes + 5 seconds per move from move one (Round 1 - 4) / 90 minutes + 30 seconds per move from move one (Round 5 - 8)"]
[WhiteTitle "GM"]
[BlackTitle "IM"]
[WhiteFideId "14165414"]
[BlackFideId "1404210"]

1.d4 Nf6 2.c4 c5 3.d5 b5 4.cxb5 a6 5.e3 g6 6.Nc3 d6 7.a4 Bg7 8.Nf3 O-O 9.
Ra3 e6 10.e4 exd5 11.exd5 Re8+ 12.Be2 axb5 13.Nxb5 Bb7 14.O-O Na6 15.Bf4 
Ne4 16.Nd2 Qf6 17.Nxe4 Rxe4 18.Bxd6 Qxb2 19.Bf3 Rb4 20.Re3 Rd8 21.Be7 Rd7 
22.d6 Rxb5 23.axb5 Qxb5 24.Rb3 Nb4 25.Bg4 f5 26.Be2 Qc6 27.Bf3 Qc8 28.Re1 
h5 29.Qe2 Bxf3 30.Qe6+ Kh7 31.Rxf3 Nc2 32.Rg3 Qe8 33.Rc1 Nd4 34.Qc4 f4 35.
Ra3 f3 36.gxf3 Rxe7 37.dxe7 Qxe7 38.Qxc5 Qf7 39.Ra7 Nxf3+ 40.Kh1 Qf4 41.
Qc7 1-0

[Event "Malmo Open 2022"]
[Site "Malmo SWE"]
[Date "2022.12.16"]
[Round "4.2"]
[White "Hoi, Carsten"]
[Black "Hillarp, Tiger"]
[Result "0-1"]
[WhiteElo "2327"]
[BlackElo "2523"]
[ECO "A43"]
[TimeControl "15 minutes + 5 seconds per move from move one (Round 1 - 4) / 90 minutes + 30 seconds per move from move one (Round 5 - 8)"]
[WhiteTitle "GM"]
[BlackTitle "GM"]
[WhiteFideId "1400100"]
[BlackFideId "1700812"]

1.d4 Nf6 2.Nf3 c5 3.d5 g6 4.Nc3 Bg7 5.e4 O-O 6.a4 d6 7.Be2 Na6 8.O-O Nc7 
9.Bf4 a6 10.Qd2 Bd7 11.e5 Nfe8 12.Bh6 b5 13.Rfd1 bxa4 14.Qf4 Rb8 15.Ne4 
Rb4 16.c4 Rxb2 17.Bd3 Bf5 18.Ng3 Bxd3 19.Rxd3 Rb3 20.Re3 e6 21.Bg5 dxe5 
22.Nxe5 Qd6 23.Ne4 Qxe5 24.Nf6+ Qxf6 25.Bxf6 Bxf6 26.Rd1 exd5 27.cxd5 Nxd5
28.Qxa4 Nxe3 29.fxe3 Rxe3 30.Qxa6 Bd4 31.Kf1 Re6 32.Qc4 Nf6 0-1

[Event "Malmo Open 2022"]
[Site "Malmo SWE"]
[Date "2022.12.16"]
[Round "4.3"]
[White "Sorensen, Hampus"]
[Black "Kopylov, Daniel"]
[Result "0-1"]
[WhiteElo "2442"]
[BlackElo "2336"]
[ECO "D90"]
[TimeControl "15 minutes + 5 seconds per move from move one (Round 1 - 4) / 90 minutes + 30 seconds per move from move one (Round 5 - 8)"]
[WhiteTitle "IM"]
[BlackTitle "FM"]
[WhiteFideId "8703884"]
[BlackFideId "12921971"]

1.d4 Nf6 2.c4 g6 3.Nc3 d5 4.Nf3 Bg7 5.h4 dxc4 6.e4 c5 7.d5 b5 8.h5 Nxh5 9.
Nxb5 O-O 10.Bxc4 Bg4 11.Nc3 Nd7 12.Be2 Rb8 13.Ng5 Bxe2 14.Qxe2 Qa5 15.Qc2 
Nhf6 16.O-O c4 17.Nf3 Nc5 18.Ne5 Nb3 19.Rb1 Nd4 20.Qd1 Nxe4 21.Nxc4 Nxc3 
22.Nxa5 Nxd1 23.Rxd1 Ne2+ 24.Kf1 Nc3 25.bxc3 Rxb1 26.Ke2 Bxc3 27.Nc6 Bf6 
28.Ba3 Rxd1 29.Kxd1 Kg7 30.Kc2 Rc8 31.Kb3 e6 32.Nxa7 Rc3+ 33.Ka4 exd5 34.
Nb5 Rc2 35.Kb3 Rxf2 36.Bc5 Rb2+ 0-1

[Event "Malmo Open 2022"]
[Site "Malmo SWE"]
[Date "2022.12.16"]
[Round "4.4"]
[White "Jacobsen, Mikkel Manosri"]
[Black "Storme, Isak"]
[Result "1-0"]
[WhiteElo "2320"]
[BlackElo "2433"]
[ECO "D02"]
[TimeControl "15 minutes + 5 seconds per move from move one (Round 1 - 4) / 90 minutes + 30 seconds per move from move one (Round 5 - 8)"]
[WhiteTitle "FM"]
[BlackTitle "IM"]
[WhiteFideId "1444514"]
[BlackFideId "1728113"]

1.d4 Nf6 2.Nf3 d5 3.Bf4 e6 4.e3 Bd6 5.Nbd2 O-O 6.c3 Bxf4 7.exf4 Qd6 8.g3 
b6 9.Bd3 Ba6 10.Bxa6 Nxa6 11.O-O c5 12.Qe2 b5 13.a4 b4 14.dxc5 Nxc5 15.
cxb4 Nce4 16.b5 Qb4 17.Nxe4 Nxe4 18.Ne5 Nc5 19.Nc6 Qc4 20.Qxc4 dxc4 21.a5 
Kh8 22.Rfd1 Rfc8 23.a6 Rc7 24.Ra3 Nd7 25.Rd4 Nb6 26.Ra1 g6 27.Rc1 Kg7 28.
Kf1 Rac8 29.Rd6 Nd5 30.Rxc4 h5 31.h4 Kf6 32.Ke2 Kf5 33.Kf3 Kf6 34.b3 Nb6 
35.Rcd4 Nd5 36.R4xd5 1-0

[Event "Malmo Open 2022"]
[Site "Malmo SWE"]
[Date "2022.12.16"]
[Round "4.5"]
[White "Poley, Vladimir"]
[Black "Baskin, Robert"]
[Result "1-0"]
[WhiteElo "2312"]
[BlackElo "2426"]
[ECO "A08"]
[TimeControl "15 minutes + 5 seconds per move from move one (Round 1 - 4) / 90 minutes + 30 seconds per move from move one (Round 5 - 8)"]
[WhiteTitle "IM"]
[BlackTitle "IM"]
[WhiteFideId "13500090"]
[BlackFideId "24662402"]

1.Nf3 c5 2.g3 d5 3.Bg2 Nf6 4.O-O g6 5.e3 Bg7 6.d4 O-O 7.Nbd2 cxd4 8.exd4 
Nc6 9.c3 Bg4 10.Qe2 Ne8 11.h3 Bxf3 12.Nxf3 Nd6 13.Bf4 e6 14.Rfe1 a6 15.a4 
Re8 16.h4 Ne4 17.Ne5 f5 18.Nd3 Qb6 19.f3 e5 20.fxe4 exf4 21.Nxf4 dxe4 22.
h5 Ne5 23.a5 Qa7 24.Kh1 Ng4 25.hxg6 hxg6 26.Bh3 Nh6 27.Nxg6 b5 28.axb6 
Qxb6 29.Nh4 Rf8 30.Rf1 Qd6 31.Nxf5 Nxf5 32.Bxf5 Rae8 33.Kg2 e3 34.Qc4+ Rf7
35.Bh7+ Kxh7 36.Qxf7 Qc6+ 37.d5 1-0

[Event "Malmo Open 2022"]
[Site "Malmo SWE"]
[Date "2022.12.16"]
[Round "4.6"]
[White "Brynell, Stellan"]
[Black "Boe, Mads"]
[Result "1/2-1/2"]
[WhiteElo "2388"]
[BlackElo "2298"]
[ECO "A90"]
[TimeControl "15 minutes + 5 seconds per move from move one (Round 1 - 4) / 90 minutes + 30 seconds per move from move one (Round 5 - 8)"]
[WhiteTitle "GM"]
[BlackTitle "FM"]
[WhiteFideId "1700219"]
[BlackFideId "1401408"]

1.d4 f5 2.g3 Nf6 3.Bg2 e6 4.Nf3 d5 5.O-O Bd6 6.c4 c6 7.Ne5 O-O 8.Bf4 Qe7 
9.Nd2 Nbd7 10.Nd3 Bxf4 11.Nxf4 Ne4 12.Rc1 Nxd2 13.Qxd2 Nf6 14.Qe3 Re8 15.
a3 Bd7 16.Nd3 Rad8 17.Rfd1 Bc8 18.b4 dxc4 19.Rxc4 Ng4 20.Qc1 e5 21.Nxe5 
Nxe5 22.dxe5 Qxe5 23.e3 Be6 24.Rcd4 Rxd4 25.Rxd4 a5 26.h4 axb4 27.axb4 Ra8
28.Qd1 h6 29.Rd8+ Rxd8 30.Qxd8+ Kf7 31.Bf3 g6 32.Qb6 Bc8 33.Be2 Qe7 34.Qd4
Qf6 35.Bc4+ Kg7 36.Qf4 Qe7 37.Qb8 b5 38.Be2 Be6 39.Qe5+ Kf7 40.Qd4 Qd7 41.
Qh8 h5 42.Bf3 Qd6 43.Qh7+ Kf6 44.Qh8+ Kf7 45.Qh7+ 1/2-1/2

[Event "Malmo Open 2022"]
[Site "Malmo SWE"]
[Date "2022.12.16"]
[Round "4.7"]
[White "Kristensen, Kaare Hove"]
[Black "Golubka, Petro"]
[Result "0-1"]
[WhiteElo "2253"]
[BlackElo "2378"]
[ECO "B00"]
[TimeControl "15 minutes + 5 seconds per move from move one (Round 1 - 4) / 90 minutes + 30 seconds per move from move one (Round 5 - 8)"]
[WhiteTitle "IM"]
[BlackTitle "GM"]
[WhiteFideId "1400940"]
[BlackFideId "14114224"]

1.e4 b6 2.d4 Bb7 3.Bd3 e6 4.Qe2 Ne7 5.c4 Nbc6 6.Nf3 Nb4 7.Nc3 Nxd3+ 8.Qxd3
d5 9.exd5 exd5 10.O-O f6 11.Re1 Kf7 12.Bf4 dxc4 13.Qxc4+ Nd5 14.Rac1 h6 
15.Nxd5 Bxd5 16.Qxc7+ Kg8 17.Qxd8 Rxd8 18.Rc7 g5 19.Be3 a5 20.Rec1 Bd6 21.
Rc8 Kf7 22.Rxd8 Rxd8 23.a3 h5 24.Nd2 b5 25.f3 Re8 26.Ne4 Bxe4 27.fxe4 Rxe4
28.Kf2 Rxe3 29.Rc6 Rb3 30.Rxd6 Rxb2+ 31.Kf3 g4+ 32.Kg3 Kg6 33.d5 Kg5 34.
h4+ gxh3 35.Kxh3 Rb3+ 36.Kh2 Rxa3 37.Rb6 b4 38.Rb5 Kf5 39.g3 Ke5 40.Kh3 
Ra2 0-1

[Event "Malmo Open 2022"]
[Site "Malmo SWE"]
[Date "2022.12.16"]
[Round "4.8"]
[White "Lindberg, Bengt"]
[Black "Kistrup, Nicolai"]
[Result "1-0"]
[WhiteElo "2349"]
[BlackElo "2290"]
[ECO "C88"]
[TimeControl "15 minutes + 5 seconds per move from move one (Round 1 - 4) / 90 minutes + 30 seconds per move from move one (Round 5 - 8)"]
[WhiteTitle "IM"]
[BlackTitle "FM"]
[WhiteFideId "1700359"]
[BlackFideId "1444816"]

1.e4 e5 2.Nf3 Nc6 3.Bb5 a6 4.Ba4 Nf6 5.O-O Be7 6.Re1 b5 7.Bb3 O-O 8.a4 b4 
9.d3 Bc5 10.c3 d6 11.d4 exd4 12.cxd4 Ba7 13.h3 d5 14.e5 Ne4 15.Nbd2 Nxd4 
16.Nxd4 Bxd4 17.Nxe4 dxe4 18.Rxe4 c5 19.Qh5 Qd7 20.e6 fxe6 21.Be3 Bxe3 22.
Rxe3 Qd2 23.Re2 Qd6 24.Rd1 Qe7 25.Rc1 Bd7 26.Qxc5 Qf6 27.Rd1 Bc8 28.Rd6 
Kh8 29.Qxb4 a5 30.Qd4 Ba6 31.Qxf6 Rxf6 32.Rexe6 Rxe6 33.Rxe6 Bd3 34.Bd5 
Rb8 35.b3 h6 36.Re3 Ba6 37.h4 Rd8 38.Bf3 Kg8 39.h5 Rb8 40.Re5 Kf8 41.Rxa5 
Bc8 42.Ra8 Rxa8 43.Bxa8 Ke7 44.Kf1 Kd6 45.b4 Bg4 46.Bf3 Bd7 47.a5 Ke5 48.
a6 Bb5+ 49.Be2 Bc6 50.a7 1-0

[Event "Malmo Open 2022"]
[Site "Malmo SWE"]
[Date "2022.12.16"]
[Round "4.9"]
[White "Fredericia, Louise"]
[Black "Pantzar, Milton"]
[Result "0-1"]
[WhiteElo "1997"]
[BlackElo "2465"]
[ECO "A03"]
[TimeControl "15 minutes + 5 seconds per move from move one (Round 1 - 4) / 90 minutes + 30 seconds per move from move one (Round 5 - 8)"]
[WhiteTitle "WFM"]
[BlackTitle "IM"]
[WhiteFideId "1404113"]
[BlackFideId "1721003"]

1.f4 d5 2.Nf3 Nh6 3.b3 Bg4 4.e3 e6 5.Bb2 Nf5 6.Be2 h5 7.c4 Nc6 8.Na3 d4 9.
e4 d3 10.exf5 dxe2 11.Qxe2 Bxa3 12.Bxa3 Nd4 13.Qe4 Bxf3 14.gxf3 Qh4+ 15.
Kd1 O-O-O 16.fxe6 fxe6 17.Bc5 Qf6 18.Re1 Nxb3 19.axb3 Qxa1+ 20.Kc2 Qa2+ 
21.Kc3 Qxd2# 0-1

[Event "Malmo Open 2022"]
[Site "Malmo SWE"]
[Date "2022.12.16"]
[Round "4.10"]
[White "Johansson, Thomas"]
[Black "Olsen, Filip Boe"]
[Result "0-1"]
[WhiteElo "2208"]
[BlackElo "2424"]
[ECO "B12"]
[TimeControl "15 minutes + 5 seconds per move from move one (Round 1 - 4) / 90 minutes + 30 seconds per move from move one (Round 5 - 8)"]
[BlackTitle "IM"]
[WhiteFideId "1702998"]
[BlackFideId "1440640"]

1.e4 c6 2.d4 d5 3.e5 Bf5 4.h4 h6 5.g4 Bd7 6.c4 h5 7.gxh5 Bf5 8.Nc3 e6 9.
cxd5 cxd5 10.Bg5 Qb6 11.Qa4+ Nc6 12.Bb5 Rc8 13.Qb3 Qxd4 14.Nf3 Qb4 15.Nd2 
a6 16.a3 Qxb3 17.Bxc6+ bxc6 18.Nxb3 c5 19.O-O-O f6 20.Bf4 Rxh5 21.exf6 
gxf6 22.Rhe1 Kf7 23.Bg3 Bh6+ 24.Nd2 Bg4 25.Ne2 Ne7 26.Kc2 Nf5 27.Nb3 Nxh4 
28.Ra1 Ng2 29.Rg1 Bxe2 30.Rxg2 Bf3 31.Rh2 Rxh2 32.Bxh2 e5 33.Rg1 Be4+ 34.
Kd1 Rc6 35.Na5 Rb6 36.b3 Rb5 0-1

[Event "Malmo Open 2022"]
[Site "Malmo SWE"]
[Date "2022.12.17"]
[Round "5.1"]
[White "Kopylov, Daniel"]
[Black "Galperin, Platon"]
[Result "0-1"]
[WhiteElo "2336"]
[BlackElo "2530"]
[ECO "B84"]
[TimeControl "15 minutes + 5 seconds per move from move one (Round 1 - 4) / 90 minutes + 30 seconds per move from move one (Round 5 - 8)"]
[WhiteTitle "FM"]
[BlackTitle "GM"]
[WhiteFideId "12921971"]
[BlackFideId "14165414"]

1.e4 c5 2.Nf3 e6 3.d4 cxd4 4.Nxd4 Nc6 5.Nc3 Qc7 6.Be2 a6 7.O-O Nf6 8.Be3 
Be7 9.f4 d6 10.Qe1 Nxd4 11.Bxd4 b5 12.a3 Bb7 13.Bf3 e5 14.Be3 exf4 15.Bxf4
O-O 16.Qg3 Nd7 17.Ne2 Nc5 18.e5 Bxf3 19.exd6 Qb6 20.Qxf3 Bxd6 21.Bxd6 Ne4+
22.Kh1 Nxd6 23.Nf4 Nc4 24.Nd5 Qd6 25.Rad1 Nxb2 26.Rd4 Qe5 27.Qg4 Rae8 28.
Nb6 Qf6 0-1

[Event "Malmo Open 2022"]
[Site "Malmo SWE"]
[Date "2022.12.17"]
[Round "5.2"]
[White "Hillarp, Tiger"]
[Black "Lindberg, Bengt"]
[Result "1/2-1/2"]
[WhiteElo "2523"]
[BlackElo "2349"]
[ECO "E05"]
[TimeControl "15 minutes + 5 seconds per move from move one (Round 1 - 4) / 90 minutes + 30 seconds per move from move one (Round 5 - 8)"]
[WhiteTitle "GM"]
[BlackTitle "IM"]
[WhiteFideId "1700812"]
[BlackFideId "1700359"]

1.Nf3 Nf6 2.g3 d5 3.Bg2 e6 4.c4 Be7 5.O-O O-O 6.d4 dxc4 7.Qc2 a6 8.a4 Bd7 
9.Qxc4 Bc6 10.Bg5 Nbd7 11.Nc3 h6 12.Bxf6 Nxf6 13.Rfd1 a5 14.Ne5 Bxg2 15.
Kxg2 c6 16.e4 Qb6 17.Qe2 Rfd8 18.Nc4 Qa7 19.e5 Nd5 20.Ne4 b5 21.axb5 cxb5 
22.Rxa5 Qb7 23.Rxa8 Rxa8 24.Ncd2 Ra2 25.Nf3 b4 26.Rd2 g5 27.h3 Kg7 28.Nh2 
b3 29.Qf3 Ba3 30.Nf1 Rxb2 31.Nc5 Qa7 32.Nxb3 Rb1 33.Rd3 Be7 34.Nbd2 Rb4 
35.Qe4 Rb2 36.Rb3 Ra2 37.Nf3 Qa4 38.N1d2 Bb4 39.Rd3 Bxd2 40.Rxd2 Ra1 41.
Qe2 Ra3 42.h4 Qa8 43.hxg5 hxg5 44.Kh2 Qh8+ 45.Kg1 Ra1+ 46.Ne1 Qa8 47.Kh2 
Qh8+ 48.Kg2 Qa8 49.f3 Qa5 50.Nd3 Qc3 51.Qf2 Qb3 52.f4 g4 53.Qe2 f5 54.
exf6+ Nxf6 55.Qe5 Qb1 56.Qg5+ Kh7 57.Qh4+ Kg7 58.Qg5+ Kh7 59.Qh4+ Kg7 60.
Qg5+ 1/2-1/2

[Event "Malmo Open 2022"]
[Site "Malmo SWE"]
[Date "2022.12.17"]
[Round "5.3"]
[White "Golubka, Petro"]
[Black "Jacobsen, Mikkel Manosri"]
[Result "1-0"]
[WhiteElo "2378"]
[BlackElo "2320"]
[ECO "B12"]
[TimeControl "15 minutes + 5 seconds per move from move one (Round 1 - 4) / 90 minutes + 30 seconds per move from move one (Round 5 - 8)"]
[WhiteTitle "GM"]
[BlackTitle "FM"]
[WhiteFideId "14114224"]
[BlackFideId "1444514"]

1.e4 c6 2.d4 d5 3.f3 dxe4 4.fxe4 e5 5.Nf3 Bg4 6.Bc4 Nd7 7.h3 Bh5 8.c3 Bd6 
9.Be3 Ngf6 10.Nbd2 b5 11.Bb3 c5 12.dxc5 Nxc5 13.Qe2 O-O 14.Bxc5 Bxc5 15.g4
Bg6 16.h4 h5 17.Nxe5 Qc7 18.Nxg6 Qg3+ 19.Kd1 Rfd8 20.gxh5 Kh7 21.Kc2 fxg6 
22.hxg6+ Qxg6 23.h5 Qg4 24.Rae1 b4 25.e5 bxc3 26.bxc3 Qf5+ 27.Kb2 Qf4 28.
Nc4 Nd5 29.Qc2+ Kh8 30.h6 g5 31.Rhf1 Qg3 32.Rf7 1-0

[Event "Malmo Open 2022"]
[Site "Malmo SWE"]
[Date "2022.12.17"]
[Round "5.4"]
[White "Olsen, Filip Boe"]
[Black "Poley, Vladimir"]
[Result "1-0"]
[WhiteElo "2424"]
[BlackElo "2312"]
[ECO "D02"]
[TimeControl "15 minutes + 5 seconds per move from move one (Round 1 - 4) / 90 minutes + 30 seconds per move from move one (Round 5 - 8)"]
[WhiteTitle "IM"]
[BlackTitle "IM"]
[WhiteFideId "1440640"]
[BlackFideId "13500090"]

1.d4 d5 2.Nf3 a6 3.Bf4 Nc6 4.e3 Bf5 5.c4 e6 6.Nc3 Bd6 7.cxd5 Nb4 8.Bxd6 
Nc2+ 9.Kd2 Qxd6 10.Rc1 Nb4 11.Qa4+ c6 12.e4 b5 13.Qa3 Qf4+ 14.Kd1 Bg4 15.
Qxb4 Bxf3+ 16.gxf3 Qxf3+ 17.Kc2 Qxh1 18.Bxb5 Qxc1+ 19.Kxc1 cxb5 20.Qd6 Ne7
21.dxe6 Rd8 22.Qxa6 fxe6 23.Qxe6 Rf8 24.Nd5 Rf7 25.Nc7+ Kf8 26.d5 Ng6 27.
Qc6 Kg8 28.Ne6 Ne7 29.Nxd8 Nxc6 30.Nxf7 Nb4 31.Ne5 Nxa2+ 32.Kd2 Nb4 33.Nc6
Na6 34.d6 Nc5 35.e5 Kf7 36.b4 Nd7 37.Ke3 Ke6 38.Ke4 Nxe5 39.Nxe5 Kxd6 40.
Nf3 1-0

[Event "Malmo Open 2022"]
[Site "Malmo SWE"]
[Date "2022.12.17"]
[Round "5.6"]
[White "Liu, Casper"]
[Black "Brynell, Stellan"]
[Result "0-1"]
[WhiteElo "2306"]
[BlackElo "2388"]
[ECO "A62"]
[TimeControl "15 minutes + 5 seconds per move from move one (Round 1 - 4) / 90 minutes + 30 seconds per move from move one (Round 5 - 8)"]
[WhiteTitle "FM"]
[BlackTitle "GM"]
[WhiteFideId "1454153"]
[BlackFideId "1700219"]

1.d4 e6 2.c4 Nf6 3.g3 c5 4.d5 exd5 5.cxd5 d6 6.Nc3 g6 7.Bg2 Bg7 8.Nf3 O-O 
9.O-O Re8 10.Bf4 Na6 11.Nd2 Nh5 12.Nc4 Nxf4 13.gxf4 Nc7 14.a4 b6 15.e4 Ba6
16.Qb3 Bxc4 17.Qxc4 Qh4 18.b4 Qxf4 19.Ne2 Qh4 20.Rab1 Rab8 21.f4 a5 22.
bxa5 bxa5 23.Rfc1 Rec8 24.Qd3 Qd8 25.e5 Ne8 26.Bh3 Rxb1 27.Rxb1 Rb8 28.
Rxb8 Qxb8 29.Qb5 Qxb5 30.axb5 dxe5 31.b6 exf4 32.b7 Be5 33.Nc3 Bb8 34.Na4 
c4 35.Bf1 Nd6 36.Nc5 Ba7 37.Kg2 g5 38.Kf3 f5 39.Be2 a4 40.Nxa4 Nxb7 41.
Bxc4 Nd6 42.Bd3 Bd4 43.Ke2 Kf7 44.Kd2 Kf6 0-1

[Event "Malmo Open 2022"]
[Site "Malmo SWE"]
[Date "2022.12.17"]
[Round "5.7"]
[White "Boe, Mads"]
[Black "Pastar, Slaven"]
[Result "1/2-1/2"]
[WhiteElo "2298"]
[BlackElo "2365"]
[ECO "A46"]
[TimeControl "15 minutes + 5 seconds per move from move one (Round 1 - 4) / 90 minutes + 30 seconds per move from move one (Round 5 - 8)"]
[WhiteTitle "FM"]
[BlackTitle "FM"]
[WhiteFideId "1401408"]
[BlackFideId "14402718"]

1.d4 e6 2.Nf3 c5 3.c3 Nf6 4.e3 b6 5.Bd3 Ba6 6.Bxa6 Nxa6 7.O-O Qc8 8.Qe2 
Qb7 9.Re1 Rc8 10.Nbd2 Be7 11.Nf1 O-O 12.Ng3 d5 13.a4 Rfd8 14.Ne5 Nc7 15.
Bd2 a5 16.f4 g6 17.Red1 Nce8 18.Be1 h5 19.Nf1 Ne4 20.Nf3 N8d6 21.N1d2 Kg7 
22.Nxe4 Nxe4 23.Bh4 Bxh4 24.Nxh4 c4 25.Nf3 b5 26.axb5 Qxb5 27.Ng5 Nd6 28.
Rd2 Ra8 29.h3 h4 30.e4 dxe4 31.Nxe4 Nf5 32.Nc5 Qb8 33.Qe5+ 1/2-1/2

[Event "Malmo Open 2022"]
[Site "Malmo SWE"]
[Date "2022.12.17"]
[Round "5.8"]
[White "Sahl, Bjarke"]
[Black "Sorensen, Hampus"]
[Result "0-1"]
[WhiteElo "2251"]
[BlackElo "2442"]
[ECO "D27"]
[TimeControl "15 minutes + 5 seconds per move from move one (Round 1 - 4) / 90 minutes + 30 seconds per move from move one (Round 5 - 8)"]
[WhiteTitle "IM"]
[BlackTitle "IM"]
[WhiteFideId "1400231"]
[BlackFideId "8703884"]

1.d4 d5 2.Nf3 Nf6 3.c4 e6 4.Nc3 dxc4 5.e3 a6 6.a4 c5 7.Bxc4 Nc6 8.O-O Be7 
9.Qe2 cxd4 10.Rd1 O-O 11.exd4 Nb4 12.Bf4 b6 13.Ne5 Bb7 14.Bb3 Nfd5 15.Bg3 
Rc8 16.Nc4 Nxc3 17.bxc3 Nd5 18.Rdc1 Bg5 19.Rc2 Nf4 20.Bxf4 Bxf4 21.Ne3 Qg5
22.g3 h5 23.Ng2 Bb8 24.Re1 Rfd8 25.Rcc1 g6 26.Qe3 Qxe3 27.Nxe3 h4 28.Kf1 
Kg7 29.Ke2 b5 30.axb5 axb5 31.Rg1 h3 32.Rgd1 Ba7 33.Ng4 b4 34.cxb4 Rxc1 
35.Rxc1 Rxd4 36.Rc7 Ba6+ 37.Kf3 Bb6 38.Rc3 Bb7+ 0-1